 Dungeon Crawl Stone Soup version 0.28-a0-687-gb91baff9cc (webtiles) character file.

Game seed: 7039841866277316309

63 mordus the Shield-Bearer (level 4, 0/35 HPs)
             Began as a Formicid Fighter on Oct 19, 2021.
             Slain by an orc priest (4 damage)
             ... on level 3 of the Dungeon.
             The game lasted 00:03:38 (1932 turns).

mordus the Shield-Bearer (Formicid Fighter)         Turns: 1932, Time: 00:03:38

Health: 0/35       AC: 10    Str: 21    XL:     4   Next: 31%
Magic:  4/4        EV:  6    Int:  8    God:
Gold:   58         SH:  8    Dex: 10    Spells: 3/3 levels left

rFire   . . .      SeeInvis +   a - +0 flail
rCold   . . .      Faith    .   h - +0 kite shield
rNeg    . . .      Spirit   .   j - +0 chain mail
rPois   .          Reflect  .   (helmet unavailable)
rElec   .          Harm     .   (no cloak)
rCorr   .          Rampage  .   (no gloves)
Will    .....                   m - +0 pair of boots
Stlth   ..........              (no amulet)
HPRegen 0.11/turn               (no ring)
MPRegen 0.09/turn               (no ring)

@: no status effects
A: permanent stasis, dig shafts and tunnels, antennae 3, four strong arms
a: Dig, Shaft Self


You were on level 3 of the Dungeon.
You visited 1 branch of the dungeon, and saw 3 of its levels.

You collected 58 gold pieces.

Inventory:

Hand Weapons
 a - a +0 flail (weapon)
Armour
 h - a +0 kite shield (worn)
 j - a +0 chain mail (worn)
 m - a +0 pair of boots (worn)
Scrolls
 e - 2 scrolls of teleportation
Potions
 d - a potion of might
 g - a potion of mutation {unknown}
 i - 2 potions of heal wounds {unknown}
 k - a potion of brilliance {unknown}
 l - a potion of berserk rage {unknown}


   Skills:
 - Level 3.2 Fighting
 * Level 3.3 Maces & Flails
 + Level 3.9 Armour
 + Level 4.3 Shields


You had 3 spell levels left.
You didn't know any spells.
Your spell library contained the following spells:

 Spells                   Type           Power      Damage    Failure   Level
 Animate Skeleton         Necr           0%         N/A       100%        1
 Pain                     Necr           0%         1d4       100%        1
 Vampiric Draining        Necr           0%         2d6       100%        3


Dungeon Overview and Level Annotations

Branches:
Dungeon (3/15)

Altars:
Zin

Shops:
D:2 :


Innate Abilities, Weirdness & Mutations

You cannot be hasted, slowed, berserked, paralysed or teleported.
You can dig through walls and to a lower floor.
You have a pair of large antennae on your head. (SInv)
Your four strong arms can wield two-handed weapons with a shield.


Message History

The endoplasm hits you but does no damage.
You hit the orc.
The orc is lightly wounded.
The orc hits you but does no damage. You block the endoplasm's attack.
You hit the orc.
The orc is severely wounded.
The orc barely misses you. The endoplasm freezes you.
You are frozen.
You block the orc's attack.
The endoplasm hits you but does no damage.
You hit the orc.
You kill the orc!
You block the endoplasm's attack.
You hit the endoplasm.
You kill the endoplasm!
The orc shouts!
You hear a shout!
You thump the orc!
You kill the orc!
The orc priest invokes the aid of Beogh against you.
Beogh smites you!
* * * LOW HITPOINT WARNING * * *
You hear a shout!
You are too injured to fight recklessly!
You are too injured to fight recklessly!
You are too injured to fight recklessly!
You are too injured to fight recklessly!
Things that are here:
a +0 club; a +0 falchion; a +0 vorpal flail You hit the orc priest.
The orc priest is lightly wounded.
The orc priest hits you with a +0 flail.
* * * LOW HITPOINT WARNING * * *
You hit the orc priest but do no damage.
The orc priest is lightly wounded.
The orc priest barely misses you.
The orc priest hits you but does no damage.
You closely miss the orc priest.
The orc priest is lightly wounded.
The orc priest hits you with a +0 flail.
You die...

#.#.## #. #..#.## ..
#)###<# #. ##.#.##
#. ##.## #. .# #.#
#.#####...# #.#
#.[..).{#
##.###########)##..#
#.#.>...@o....## o#
##.########.### ..
### #># .# #....>...
.# ########o #


You could see an orc priest.

Vanquished Creatures
  2 adders (D:2)
  4 orcs (D:3)
  4 ball pythons
  2 bats (D:1)
  4 endoplasms
  2 giant cockroaches
  A goblin (D:1)
  5 hobgoblins
  4 jackals (D:2)
  4 quokkas
  A frilled lizard (D:2)
33 creatures vanquished.

Notes
Turn   | Place    | Note
-------+----------+-------------------------------------------
     0 | D:1      | mordus the Formicid Fighter began the quest for the Orb.
     0 | D:1      | Reached XP level 1. HP: 18/18 MP: 1/1
   183 | D:1      | Reached XP level 2. HP: 19/24 MP: 2/2
   248 | D:1      | Found a faded altar of an unknown god.
   793 | D:2      | Reached skill level 4 in Shields
   793 | D:2      | Reached XP level 3. HP: 28/29 MP: 3/3
  1460 | D:2      | Found a glowing silver altar of Zin.
  1621 | D:2      | Found Ciomojum's Book Shop.
  1631 | D:2      | Reached XP level 4. HP: 35/35 MP: 4/4
  1932 | D:3      | Slain by an orc priest

Illustrated notes

Levels and vault maps discovered:
D:1:      dpeg_arrival_water_temple_mockup, layout_basic, basic_ecumenical_altar
D:2:      layout_loops_corners, serial_shops, shop, basic_altar,
          minmay_splitting_lines
D:3:      layout_loops_ring, uniq_terence

Skill      XL: |  1  2  3 |
---------------+----------+-----
Shields        | 4 |  4.3
Maces & Flails | 3 |  3.3
Fighting       | |  3.2
Armour         | |  3.9

Action                   |  1- 3 |  4- 6 || total
-------------------------+-------+-------++-------
Melee: Flail             |   118 |    12 ||   130
 Abil: Dig               |     1 |     1 ||     2
  Use: Scroll            |       |     2 ||     2
Armor: Scale mail        |    18 |       ||    18
       Chain mail        |    43 |     5 ||    48
Dodge: Dodged            |    43 |     6 ||    49
Block: Buckler           |     6 |       ||     6
       Kite shield       |    51 |     3 ||    54

Table legend: (Time is in decaauts)
 A = Elapsed time spent in this place.
 B = Non-inter-level travel time spent in this place.
 C = Inter-level travel time spent in this place.
 D = Time resting spent in this place.
 E = Time spent auto-exploring this place.
 F = Levels seen in this place.
 G = Mean time per level.
                   A        B        C        D        E       F      G
               +--------+--------+--------+--------+--------+-----+--------+
         Total |   1982 |   1950 |     32 |    103 |   1433 |   3 |  660.7 |
       Dungeon |   1982 |   1950 |     32 |    103 |   1433 |   3 |  660.7 |
               +--------+--------+--------+--------+--------+-----+--------+

Top non-repeatable levels by time:
     D:2: 1162 daAuts
     D:1: 755 daAuts
     D:3: 65 daAuts
